 Dungeon Crawl Stone Soup version 0.25-a0-701-gb30f108f01 (webtiles) character file.

Game seed: 10317519535250199202, levelgen mode: deterministic

101592 Piskor the Geomancer (level 16, -3/101 HPs)
             Began as a Gargoyle Earth Elementalist on Apr 3, 2020.
             Was the Champion of Vehumet.
             Slain by Donald
             ... wielding a +2 long sword of protection
              (27 damage)
             ... on level 2 of the Orcish Mines.
             The game lasted 01:30:14 (26132 turns).

Piskor the Geomancer (Gargoyle Earth Elementalist) Turns: 26132, Time: 01:30:14

Health: -3/101     AC: 26    Str: 18    XL:     16   Next: 30%
Magic:  4/24       EV: 25    Int: 23    God:    Vehumet [******]
Gold:   1501       SH:  0    Dex: 23    Spells: 9/37 levels left

rFire    . . .     SeeInvis +   H - +4 morningstar "Zaschiyf" {venom, Dex+7}
rCold    . . .     Gourm    .   (no shield)
rNeg     + + +     Faith    .   B - +1 steam dragon scales
rPois    ∞         Spirit   .   q - +2 helmet
rElec    +         Reflect  .   E - +0 cloak of Ru's Envy {Dex+6}
rCorr    .         Harm     .   (no gloves)
MR       +....     Clarity  +   j - +1 pair of boots
Stlth    +++.......             c - amulet of rage
HPRegen  0.26/turn              i - +6 ring of strength
MPRegen  0.19/turn              a - ring "Losemy" {rN++ EV+4}

@: flying
A: big wings, see invisible, blink, clarity, low mp 2, negative energy
resistance 1, screaming 1, electricity resistance, unbreathing, petrification
resistance, rot immunity, AC +12
a: Stop Flying, Blink, Renounce Religion, Evoke Berserk Rage


You were on level 2 of the Orcish Mines.
You worshipped Vehumet.
Vehumet was exalted by your worship.
You were very hungry.

You visited 4 branches of the dungeon, and saw 23 of its levels.
You visited the Abyss 1 time.
You also visited: Sewer, Ossuary and Gauntlet.

You collected 2465 gold pieces.
You spent 964 gold pieces at shops.

Inventory:

Hand Weapons
 G - a +2 morningstar of flaming
 H - the +4 morningstar "Zaschiyf" (weapon) {venom, Dex+7}
   (You took it off a minotaur in a Gauntlet)

   It poisons the flesh of those it strikes.
   It affects your dexterity (+7).
 I - the +2 morningstar of the Old World {speed, Str+5 Dex+4}
   (You bought it in a shop on level 11 of the Dungeon)

   Attacks with this weapon are significantly faster.
   It affects your strength (+5).
   It affects your dexterity (+4).
 K - the +3 dagger of Lyphov {drain, rElec Dex-4 SInv}
   (You found it on level 12 of the Dungeon)

   A truly terrible weapon, it drains the life of those it strikes.
   It affects your dexterity (-4).
   It insulates you from electricity.
   It lets you see invisible.
Missiles
 b - 430 stones (quivered)
 m - 4 throwing nets
Armour
 j - a +1 pair of boots (worn)
 q - a +2 helmet (worn)
 B - +1 steam dragon scales (worn)
 E - the +0 cloak of Ru's Envy (worn) {Dex+6}
   (You found it on level 8 of the Dungeon)

   It affects your dexterity (+6).
 J - a scarf of resistance
Jewellery
 a - the ring "Losemy" (right hand) {rN++ EV+4}
   (You found it in a Gauntlet)

   [ring of evasion]

   It affects your evasion (+4).
   It greatly protects you from negative energy.
 c - an amulet of rage (around neck)
 i - a +6 ring of strength (left hand)
 p - an uncursed ring of fire
 r - an uncursed ring of wizardry
Wands
 k - a wand of enslavement (11)
 w - a wand of flame (20)
 F - a wand of polymorph (13)
 M - a wand of disintegration (22)
 Q - a wand of acid (4)
Scrolls
 e - 18 scrolls of teleportation
 n - 2 scrolls of fog
 s - 8 scrolls of remove curse
 v - 2 scrolls of enchant weapon
 y - 8 scrolls of amnesia
 C - 11 scrolls of identify
 L - a scroll of blinking
 O - 3 scrolls of magic mapping
 P - 3 scrolls of holy word
Potions
 f - a potion of stabbing
 l - 7 potions of curing
 o - 2 potions of haste
 t - 2 potions of flight
 u - 3 potions of brilliance
 z - 3 potions of lignification
 D - 5 potions of resistance
Miscellaneous
 N - a box of beasts
Comestibles
 d - 39 rations
 h - a chunk of flesh


   Skills:
 + Level 11.8 Fighting
 + Level 10.9 Maces & Flails
 - Level 6.0 Armour
 + Level 9.5 Dodging
 - Level 2.1 Stealth
 + Level 11.2 Spellcasting
 + Level 12.5 Conjurations
 + Level 4.1 Necromancy
   Level 0.7 Transmutations
 * Level 2.6 Fire Magic
 + Level 14.2 Earth Magic
 + Level 2.0 Evocations


You had 9 spell levels left.
You knew the following spells:

 Your Spells              Type           Power        Failure   Level  Hunger
a - Sandblast             Erth           ######       0%          1    None
b - Stone Arrow           Conj/Erth      ######       1%          3    None
c - Lee's Rapid Deconstr  Erth           ######....   1%          5    ####...
d - Iron Shot             Conj/Erth      ######....   1%          6    #####..
e - Dazzling Flash        Conj/Hex       #####.       1%          3    None
f - Starburst             Conj/Fire      #####.....   10%         6    #####..
g - Dispel Undead         Necr           ####....     9%          4    None

Your spell library contained the following spells:

 Spells                   Type           Power        Failure   Level  Hunger
 Spellforged Servitor     Conj/Summ      #####.....   58%         7    #######
 Animate Skeleton         Necr           N/A          1%          1    None
 Passwall                 Tmut/Erth      #####...     1%          2    None
 Conjure Flame            Conj/Fire      #####...     1%          3    None
 Mephitic Cloud           Conj/Pois/Air  ####....     1%          3    None
 Inner Flame              Hex/Fire       ###.....     2%          3    None
 Leda's Liquefaction      Hex/Erth       #####.....   2%          4    None
 Petrify                  Tmut/Erth      #####...     2%          4    None
 Corpse Rot               Necr/Air       N/A          3%          2    None
 Apportation              Tloc           ##....       4%          1    None
 Corona                   Hex            ##.....      4%          1    None
 Summon Small Mammal      Summ           ##..         4%          1    None
 Call Imp                 Summ           ##......     8%          2    None
 Poisonous Vapours        Pois/Air       ##....       8%          2    None
 Slow                     Hex            ##......     8%          2    None
 Call Canine Familiar     Summ           ##......     16%         3    None
 Portal Projectile        Hex/Tloc       ##....       16%         3    None
 Summon Guardian Golem    Hex/Summ       ##......     16%         3    None
 Agony                    Necr           ####....     26%         5    ####...
 Freezing Cloud           Conj/Ice/Air   ####......   32%         6    #####..
 Ice Form                 Ice/Tmut       ##......     41%         4    None
 Cause Fear               Hex            ##........   45%         4    None
 Summon Ice Beast         Ice/Summ       ##......     45%         4    None
 Summon Lightning Spire   Summ/Air       ##......     45%         4    None
 Excruciating Wounds      Chrm/Necr      ###.......   52%         5    ####...
 Metabolic Englaciation   Hex/Ice        ##........   80%         5    ####...
 Summon Forest            Summ/Tloc      ##........   80%         5    ####...
 Ozocubu's Refrigeration  Ice            ##........   86%         6    #####..
 Simulacrum               Ice/Necr       ###.......   97%         6    #####..
 Hydra Form               Tmut           ###.......   99%         6    #####..
 Eringya's Noxious Bog    Tmut/Pois      ##........   100%        6    #####..
 Ring of Flames           Chrm/Fire      ###.......   100%        7    #######
 Summon Hydra             Summ           ##........   100%        7    #######
 Sublimation of Blood     Necr           Unusable     N/A         2    N/A

Dungeon Overview and Level Annotations

Branches:
Dungeon (14/15)            Temple (1/1) D:4            Lair (6/6) D:8
  Swamp (0/4) Lair:4       Spider (0/4) Lair:4        Slime (0/5) Lair:6
    Orc (2/2) D:11            Elf (0/3) Orc:2        Vaults (0/5) D:14
  Sewer (visited)         Ossuary (visited)         Gauntlet (visited)

Altars:
Ashenzari
Cheibriados
Dithmenos
Elyvilon
Fedhas
Gozag
Hepliaklqana
Kikubaaqudgha
Makhleb
Nemelex Xobeh
Okawaru
Qazlal
Ru
Sif Muna
Trog
Uskayaw
Vehumet
Wu Jian
Xom
Yredelemnul
Zin
The Shining One
Beogh
Jiyva

Shops:
D:4 !   D:6 ?   D:8 :   D:9 [   D:11 (   D:12 =   Orc:2 [(:*

Annotations:
Lair:2 exclusion: 2 oklob plants
Lair:5 2 transporters, Docy's ghost, journeyman MiBe
Lair:6 exclusion: oklob plant
Orc:2 Donald


Innate Abilities, Weirdness & Mutations

You are resistant to torment.
Your stone body is resilient. (AC +12)
You are immune to poison.
Your large and strong wings let you fly indefinitely.
You resist negative energy. (rN+)
You are resistant to electric shocks. (rElec)
You can survive without breathing.
You are immune to petrification.
You are immune to rotting.
You have supernaturally acute eyesight. (SInv)
You can translocate small distances at will.
You possess an exceptional clarity of mind.
Your magical capacity is very low. (-20% MP)
You occasionally shout uncontrollably at your foes.


Message History

Donald blinks!
Casting: Iron Shot (safe; 1% risk of failure)
Confirm with . or Enter, or press ? or * to list all spells.
Aiming: Iron Shot (safe; 1% risk of failure)
Press: ? - help, Shift-Dir - straight line, f/p - Donald
Aim: Donald, wielding a +2 long sword of protection, wearing a +2 chain mail of fire resistance and wearing a +0 kite shield of reflection (almost dead, fast, unusually strong) Donald reflects the iron shot off his +0 kite shield of reflection!
The iron shot misses you. Donald closely misses you.
Your magical contamination has completely faded away.
Casting: Iron Shot (safe; 1% risk of failure)
Confirm with . or Enter, or press ? or * to list all spells.
Aiming: Iron Shot (safe; 1% risk of failure)
Press: ? - help, Shift-Dir - straight line, f/p - Donald
Aim: Donald, wielding a +2 long sword of protection, wearing a +2 chain mail of fire resistance and wearing a +0 kite shield of reflection (almost dead, fast, unusually strong) Donald reflects the iron shot off his +0 kite shield of reflection!
The iron shot misses you.
You are feeling very hungry.
Donald misses you.
Donald hits you with a +2 long sword of protection!!
You die...

...###).........####.####
##...
....P............##...#.##
###.
..P....P.................#
#..
.P........#.......#.....##
##.
......................###
#. ....8..P........#...###
## .P...∩..............#
## ...............@#...#
##. .........P......@..##
#.. ..............^.....#
##. #......§............##
## ...P.................#
.....................#
.......#.......##....##
..............##......#
.............#.#....##
...............#....#


You could see Donald.

Vanquished Creatures
  Frances (D:13)
  An orc warlord (Orc:2)
  Nessos (D:12)
  A minotaur (Gauntlet)
  Snorg (D:11)
  8 hydras
  2 vault guards (D:14)
  A death knight (D:13)
  2 centaur warriors (D:13)
  6 two-headed ogres
  11 death yaks
  4 orc high priests
  Urug (Lair:4)
  3 skeletal warriors (D:14)
  A fire crab (Gauntlet)
  4 unseen horrors
  A wizard (D:14)
  Pikel (D:7)
  5 orc knights
  2 necromancers (D:14)
  A manticore (D:14)
  2 ugly things (D:11)
  3 orc sorcerers
  A deep elf mage (D:13)
  8 slime creatures
  8 elephants
  A moth of wrath (shapeshifter) (D:13)
  3 cyclopes (D:14)
  2 black mambas
  An ice statue (Gauntlet)
  2 gargoyles
  A torpor snail (Lair:6)
  Maggie (D:8)
  2 centaur skeletons (D:13)
  25 spiny frogs
  A kobold demonologist (D:14)
  4 rime drakes
  An efreet (D:13)
  A queen bee (shapeshifter) (D:13)
  4 komodo dragons
  An ancient zyme (D:14)
  A golden dragon simulacrum (Abyss:2)
  A tengu conjurer (D:14)
  3 trolls
  4 tyrant leeches (Lair:6)
  2 hornets (D:10)
  A bog body (Lair:4)
  21 dream sheep (Lair:6)
  27 blink frogs
  Sigmund (D:2)
  9 hippogriffs
  5 shadows (Gauntlet)
  33 yaks
  2 fire bats (Gauntlet)
  20 humans (D:14)
  3 basilisks
  4 wraiths
  A spriggan (D:12)
  10 vampire mosquitoes
  A golden eye (shapeshifter) (D:14)
  A steam dragon (Lair:4)
  5 wargs
  Menkaure (D:7)
  Edmund (D:5)
  16 water moccasins
  Purgy (Sewer)
  8 porcupines
  30 orc warriors
  2 slaves (D:7)
  2 phantoms
  A hornet zombie (D:7)
  An ice beast (D:14)
  2 black bears
  7 sky beasts
  4 wolves (Lair:6)
  A large abomination (D:14)
  17 ogres
  6 necrophages
  25 centaurs
  15 crocodiles
  A big kobold (D:12)
  20 bullfrogs
  A wyvern skeleton (D:14)
  3 scorpions
  11 killer bees
  8 wights
  2 howler monkeys
  4 electric eels
  7 crimson imps
  2 bullfrog zombies
  6 centaur zombies
  3 jellies
  3 hounds
  A quasit (D:11)
  2 bullfrog skeletons
  A gnoll shaman (D:8)
  23 orc priests
  21 orc wizards
  7 hell rats (Lair:4)
  Natasha (thrice) (D:2)
  10 worker ants
  A hound zombie (D:5)
  3 hound skeletons
  8 mummies (Ossuary)
  Robin (D:3)
  A howler monkey zombie (D:7)
  12 gnolls
  12 adders
  4 shadow imps
  A white imp (D:14)
  2 worms
  A dart slug (D:2)
  9 leopard geckos
  62 orcs
  6 giant cockroaches
  11 goblins
  11 hobgoblins
  4 jackals (D:7)
  A quokka (D:9)
  8 bats
  2 frilled lizards (D:1)
  5 hobgoblin zombies (Ossuary)
  18 kobolds
  2 kobold zombies (Ossuary)
  An orc zombie (Ossuary)
  A quokka skeleton (D:9)
  2 rats
  3 fungi
  3 plants (Lair:6)
759 creatures vanquished.

Vanquished Creatures (others)
  A spiny frog (Lair:6)
  A slave (D:7)
  2 adders (D:7)
  23 demonic plants (Gauntlet)
  15 fungi
  49 plants
  13 withered plants (Gauntlet)
104 creatures vanquished.

Grand Total: 863 creatures vanquished

Notes
Turn   | Place    | Note
-------+----------+-------------------------------------------
     0 | D:1      | Piskor the Gargoyle Earth Elementalist began the quest for
                  | the Orb.
     0 | D:1      | Reached XP level 1. HP: 10/10 MP: 3/3
   269 | D:1      | Reached skill level 4 in Earth Magic
   269 | D:1      | Reached XP level 2. HP: 15/15 MP: 3/5
   999 | D:2      | Found a hide-covered altar of Uskayaw.
   999 | D:2      | Noticed Natasha
  1001 | D:2      | Noticed a crimson imp
  1016 | D:2      | Killed Natasha
  1016 | D:2      | Reached XP level 3. HP: 19/19 MP: 4/7
  1035 | D:2      | Learned a level 3 spell: Stone Arrow
  1080 | D:2      | Noticed Natasha
  1087 | D:2      | Killed Natasha
  1087 | D:2      | Reached XP level 4. HP: 20/24 MP: 4/8
  1130 | D:2      | Noticed Natasha
  1138 | D:2      | Killed Natasha
  1138 | D:2      | Reached skill level 1 in Conjurations
  1138 | D:2      | Reached skill level 5 in Earth Magic
  1242 | D:2      | Noticed Sigmund
  1353 | D:2      | Killed Sigmund
  1353 | D:2      | Reached XP level 5. HP: 28/28 MP: 0/10
  1353 | D:2      | Reached XP level 6. HP: 32/32 MP: 0/11
  1539 | D:2      | Found a shimmering altar of Xom.
  1876 | D:3      | Found an ornate altar of the Wu Jian Council.
  1877 | D:3      | Found a burning altar of Makhleb.
  1877 | D:3      | Found a blossoming altar of Fedhas.
  1984 | D:3      | Noticed a sky beast
  1998 | D:3      | Killed a sky beast
  1998 | D:3      | Reached skill level 6 in Earth Magic
  2253 | D:3      | Noticed Robin
  2282 | D:3      | Reached XP level 7. HP: 36/36 MP: 13/13
  2814 | D:3      | Found a burning altar of Makhleb.
  2814 | D:3      | Found a blossoming altar of Fedhas.
  2815 | D:3      | Found an ornate altar of the Wu Jian Council.
  3014 | D:3      | Killed Robin
  3074 | D:4      | Found a staircase to the Ecumenical Temple.
  3080 | Temple   | Entered the Ecumenical Temple
  3158 | Temple   | Became a worshipper of Vehumet
  3366 | D:4      | Found a shattered altar of Ashenzari.
  3526 | D:4      | Found a glowing drain.
  3538 | Sewer    | Entered a sewer
  3814 | Sewer    | Noticed Purgy
  3822 | Sewer    | Killed Purgy
  3822 | Sewer    | Reached skill level 1 in Fighting
  4024 | D:4      | Found Rorata's Distillery.
  4027 | D:4      | Bought a potion of heal wounds for 65 gold pieces
  4027 | D:4      | Bought a potion of might for 52 gold pieces
  4027 | D:4      | Bought a potion of curing for 39 gold pieces
  4301 | D:5      | Entered Level 5 of the Dungeon
  4340 | D:5      | Found an opulent altar of Gozag.
  4351 | D:5      | Reached skill level 1 in Maces & Flails
  4351 | D:5      | Reached skill level 1 in Armour
  4351 | D:5      | Reached skill level 7 in Earth Magic
  4381 | D:5      | Reached XP level 8. HP: 35/43 MP: 10/15
  4402 | D:5      | Learned a level 5 spell: Lee's Rapid Deconstruction
  4418 | D:5      | Noticed Edmund
  4440 | D:5      | Killed Edmund
  4440 | D:5      | Reached skill level 5 in Spellcasting
  4452 | D:5      | Reached * piety under Vehumet
  4452 | D:5      | Offered knowledge of Magic Dart by Vehumet.
  5341 | D:6      | Reached skill level 5 in Conjurations
  5395 | D:6      | Reached XP level 9. HP: 42/49 MP: 17/17
  5434 | D:6      | Found Jamnadef's Magic Scroll Boutique.
  5441 | D:6      | Bought a scroll of identify for 20 gold pieces
  5441 | D:6      | Bought a scroll of identify for 20 gold pieces
  5441 | D:6      | Bought a scroll of identify for 20 gold pieces
  5441 | D:6      | Bought a scroll of teleportation for 30 gold pieces
  5840 | D:7      | Noticed Pikel
  5852 | D:7      | Killed Pikel
  5852 | D:7      | Reached skill level 8 in Earth Magic
  5898 | D:7      | Noticed Menkaure
  5911 | D:7      | Killed Menkaure
  6389 | D:7      | Reached ** piety under Vehumet
  6696 | D:8      | Noticed Maggie
  6704 | D:8      | Killed Maggie
  6724 | D:8      | Found a sparkling altar of Nemelex Xobeh.
  6746 | D:8      | Found an ancient bone altar of Kikubaaqudgha.
  6765 | D:8      | Got a serpentine bronze ring
  6765 | D:8      | Identified the cursed ring "Wacah" {MR- MP+9 Str+3 Slay-5}
                  | (You found it on level 8 of the Dungeon)
  6773 | D:8      | Offered knowledge of Freeze by Vehumet.
  6847 | D:8      | Reached XP level 10. HP: 51/58 MP: 19/19
  6881 | D:8      | Found a staircase to the Lair.
  6883 | D:8      | Got a transparent cloak
  6900 | D:8      | Found a sand-covered staircase.
  6911 | D:8      | Found Noxuylyr's Book Shop.
  6916 | Ossuary  | Entered an ossuary
  6927 | Ossuary  | Identified the +0 cloak of Ru's Envy {Dex+6} (You found it
                  | on level 8 of the Dungeon)
  7104 | Ossuary  | Offered knowledge of Dazzling Flash by Vehumet.
  7302 | D:8      | Noticed a two-headed ogre
  7312 | D:8      | Killed a two-headed ogre
  7624 | D:8      | Learned a level 3 spell: Dazzling Flash
  7641 | D:8      | Reached skill level 5 in Fighting
  7641 | D:8      | Reached skill level 5 in Armour
  7885 | D:8      | Found an iron altar of Okawaru.
  7952 | D:8      | Reached *** piety under Vehumet
  7952 | D:8      | Reached skill level 9 in Earth Magic
  8111 | D:8      | Found a bloodstained altar of Trog.
  8156 | D:8      | Found a shadowy altar of Dithmenos.
  8249 | D:8      | Found a shimmering blue altar of Sif Muna.
  8732 | D:9      | Offered knowledge of Olgreb's Toxic Radiance by Vehumet.
  8794 | D:9      | Found Gaaniwism's Armour Boutique.
  8853 | D:9      | Found a snail-covered altar of Cheibriados.
  9099 | D:9      | Reached skill level 5 in Maces & Flails
  9130 | D:9      | Reached XP level 11. HP: 20/64 MP: 2/21
  9581 | D:10     | Entered Level 10 of the Dungeon
  9805 | D:10     | Reached **** piety under Vehumet
  9869 | D:10     | Offered knowledge of Static Discharge by Vehumet.
  9869 | D:10     | Reached skill level 5 in Dodging
 10411 | D:11     | Found Pelav Toa's Antique Weapon Emporium.
 10436 | D:11     | Noticed a purple ugly thing
 10447 | D:11     | Killed a purple ugly thing
 10583 | D:11     | Killed an unseen horror
 10583 | D:11     | Reached skill level 10 in Earth Magic
 10670 | D:11     | Noticed a two-headed ogre
 10684 | D:10     | Killed an unseen horror
 10861 | D:11     | Killed a two-headed ogre
 10872 | D:11     | Bought a polished morningstar for 324 gold pieces
 10872 | D:11     | Identified the cursed +2 morningstar of the Old World
                  | {speed, Str+5 Dex+4} (You bought it in a shop on level 11
                  | of the Dungeon)
 10885 | D:11     | Found a roughly hewn altar of Beogh.
 10970 | D:11     | Found a staircase to the Orcish Mines.
 11191 | D:11     | Reached XP level 12. HP: 69/72 MP: 23/23
 11468 | D:11     | Reached ***** piety under Vehumet
 11668 | D:12     | Noticed Nessos
 11684 | D:12     | Noticed a two-headed ogre
 11708 | D:12     | Killed Nessos
 11709 | D:12     | Noticed a two-headed ogre
 11711 | D:12     | Killed a two-headed ogre
 11720 | D:11     | Offered knowledge of Iron Shot by Vehumet.
 11874 | D:11     | Killed a two-headed ogre
 11961 | D:11     | Learned a level 6 spell: Iron Shot
 12008 | D:12     | Found Tyugi's Jewellery Emporium.
 12014 | D:12     | Noticed Snorg
 12069 | D:11     | Killed Snorg
 12069 | D:11     | Reached skill level 11 in Earth Magic
 12211 | D:12     | Noticed a two-headed ogre
 12218 | D:12     | Killed a two-headed ogre
 12236 | D:12     | Got an ivory dagger
 12237 | D:12     | Identified the +3 dagger of Lyphov {drain, rElec Dex-4
                  | SInv} (You found it on level 12 of the Dungeon)
 12613 | D:13     | Found a gate leading to a gauntlet.
 12630 | Gauntlet | Entered a Gauntlet
 12630 | Gauntlet | Found a transporter.
 12630 | Gauntlet | Found a transporter.
 12634 | Gauntlet | Found a transporter.
 12634 | Gauntlet | Found a transporter.
 12643 | Gauntlet | Found a transporter.
 12662 | Gauntlet | Found a transporter.
 12668 | Gauntlet | Found a large runed translucent door.
 12669 | Gauntlet | Found a large runed translucent door.
 12670 | Gauntlet | Found a large runed translucent door.
 12670 | Gauntlet | Found a large runed translucent door.
 12671 | Gauntlet | Found a large runed translucent door.
 12671 | Gauntlet | Found a large runed translucent door.
 12671 | Gauntlet | Found a runed translucent gate.
 12671 | Gauntlet | Found a runed translucent door.
 12672 | Gauntlet | Found a transporter.
 12672 | Gauntlet | Found a runed translucent gate.
 12672 | Gauntlet | Found a transporter.
 12673 | Gauntlet | Found a runed translucent gate.
 12674 | Gauntlet | Found a large runed translucent door.
 12674 | Gauntlet | Found a large runed translucent door.
 12675 | Gauntlet | Found a large runed translucent door.
 12676 | Gauntlet | Found a large runed translucent door.
 12685 | Gauntlet | Found a large runed translucent door.
 12685 | Gauntlet | Found a large runed translucent door.
 12685 | Gauntlet | Found a runed translucent door.
 12694 | Gauntlet | Found a transporter.
 12701 | Gauntlet | Found a transporter.
 12710 | Gauntlet | Found a large runed translucent door.
 12711 | Gauntlet | Found a large runed translucent door.
 12713 | Gauntlet | Found a transporter.
 12732 | Gauntlet | Found the +7 captain's cutlass {speed, disarm}
 12732 | Gauntlet | Noticed a soul eater
 12735 | Gauntlet | Found a transporter.
 12771 | Gauntlet | Found a transporter.
 12786 | Gauntlet | Found a transporter.
 12801 | Gauntlet | Found a large runed translucent door.
 12802 | Gauntlet | Found a large runed translucent door.
 12886 | Gauntlet | Found a transporter.
 12902 | Gauntlet | Found a transporter.
 13364 | Gauntlet | Got a glittering ivory ring
 13372 | Gauntlet | Gained mutation: You occasionally shout uncontrollably at
                  | your foes. [potion of mutation]
 13372 | Gauntlet | Gained mutation: Your magical capacity is low. (-10% MP)
                  | [potion of mutation]
 13372 | Gauntlet | Gained mutation: Your magical capacity is very low. (-20%
                  | MP) [potion of mutation]
 13372 | Gauntlet | Gained mutation: You have supernaturally acute eyesight.
                  | (SInv) [potion of mutation]
 13374 | Gauntlet | Identified the ring "Losemy" {rN++ EV+4} (You found it in a
                  | Gauntlet)
 13402 | Gauntlet | Identified the +4 morningstar "Zaschiyf" {venom, Dex+7}
 13402 | Gauntlet | Noticed a minotaur
 13410 | Gauntlet | Killed a minotaur
 13410 | Gauntlet | Reached XP level 13. HP: 73/79 MP: 1/20
 13675 | D:13     | Reached skill level 10 in Conjurations
 13885 | D:13     | Noticed Frances
 14270 | D:13     | Killed Frances
 14270 | D:13     | Reached skill level 12 in Earth Magic
 15363 | D:14     | Cast into level 2 of the Abyss (a wizard)
 15363 | Abyss:2  | Found a corrupted altar of Lugonu.
 15506 | D:14     | Escaped the Abyss
 15507 | D:14     | Offered knowledge of Spellforged Servitor by Vehumet.
 15540 | D:14     | Gained mutation: Your large and strong wings let you fly
                  | indefinitely. [Gargoyle growth]
 15540 | D:14     | Reached XP level 14. HP: 69/87 MP: 10/22
 15908 | D:14     | Reached skill level 10 in Fighting
 16323 | D:14     | Found a gate to the Vaults.
 16912 | Lair:1   | Entered Level 1 of the Lair of Beasts
 16934 | Lair:1   | Reached skill level 10 in Spellcasting
 17749 | Lair:2   | Lost mutation: Your magical capacity is very low. (-20% MP)
                  | [potion of mutation]
 17749 | Lair:2   | Gained mutation: Your magical capacity is very low. (-20%
                  | MP) [potion of mutation]
 17749 | Lair:2   | Gained mutation: You can translocate small distances at
                  | will. [potion of mutation]
 17749 | Lair:2   | Gained mutation: You possess an exceptional clarity of
                  | mind. [potion of mutation]
 17932 | Lair:2   | Reached skill level 13 in Earth Magic
 18501 | Lair:3   | Learned a level 4 spell: Dispel Undead
 18666 | Lair:3   | Offered knowledge of Conjure Ball Lightning by Vehumet.
 19208 | Lair:4   | Found a hole to the Spider Nest.
 19280 | Lair:4   | Found a staircase to the Swamp.
 19280 | Lair:4   | Noticed Urug
 19311 | Lair:4   | Killed Urug
 19311 | Lair:4   | Reached skill level 1 in Necromancy
 19972 | Lair:4   | Reached skill level 10 in Maces & Flails
 20358 | Lair:5   | Reached XP level 15. HP: 79/93 MP: 23/23
 21066 | Lair:5   | Found a transporter.
 21070 | Lair:5   | Found a bloodstained altar of Trog.
 21070 | Lair:5   | Noticed Docy's ghost (journeyman MiBe)
 21071 | Lair:5   | Identified the cursed +2 trident "Giumoxeso" {antimagic,
                  | rN+}
 21076 | Lair:5   | Found a transporter.
 21085 | Lair:5   | Identified the +5 quarterstaff "Qymufun" {drain, Str+5}
 21160 | Lair:5   | Found a snail-covered altar of Cheibriados.
 21449 | Lair:6   | Entered Level 6 of the Lair of Beasts
 21725 | Lair:6   | Reached ****** piety under Vehumet
 21898 | Lair:6   | Offered knowledge of Orb of Destruction by Vehumet.
 22645 | Lair:6   | Found a staircase to the Slime Pits.
 22646 | Lair:6   | Found a viscous altar of Jiyva.
 23193 | Lair:6   | Reached skill level 14 in Earth Magic
 23413 | Lair:6   | Offered knowledge of Starburst by Vehumet.
 23421 | Lair:6   | Learned a level 6 spell: Starburst
 23534 | Lair:6   | Reached skill level 1 in Evocations
 24201 | Orc:1    | Entered Level 1 of the Orcish Mines
 24227 | Orc:1    | Reached XP level 16. HP: 84/100 MP: 13/24
 24463 | Orc:1    | Found a roughly hewn altar of Beogh.
 24788 | Orc:2    | Entered Level 2 of the Orcish Mines
 25234 | Orc:2    | Reached skill level 1 in Fire Magic
 25323 | Orc:2    | Found Fuenana's Antique Armour Shoppe.
 25351 | Orc:2    | Bought a fine helmet for 199 gold pieces
 25361 | Orc:2    | Identified the cursed -5 helmet of Weafrix {*Slow rPois
                  | rCorr Str+4} (You bought it in a shop on level 2 of the
                  | Orcish Mines)
 25679 | Orc:2    | Found Asebani's Antique Weapon Shop.
 25751 | Orc:2    | Found a staircase to the Elven Halls.
 25950 | Orc:2    | Found Machiut's General Store.
 25966 | Orc:2    | Offered knowledge of Spellforged Servitor by Vehumet.
 25976 | Orc:2    | Bought a potion of haste for 150 gold pieces
 25976 | Orc:2    | Bought a scroll of teleportation for 45 gold pieces
 26028 | Orc:2    | Found Ukhlauxyi's Book Emporium.
 26084 | Orc:2    | Noticed Donald
 26132 | Orc:2    | Slain by Donald

Levels and vault maps discovered:
D:1:      eino_arrival_druids_welcome, layout_loops_ring
D:2:      layout_rooms, lemuel_crystal_altar, overflow_temple_1_default,
          chequers_arboretum, uniq_sigmund, uniq_natasha
D:3:      layout_loops_ring, grunt_temple_overflow_open, uniq_robin
D:4:      layout_cave_pools, nicolae_ashenzari_panopticon,
          minmay_temple_entry_wispy, portal_sewer_entry_f, first_ration,
          serial_shops, kennysheep_mini_moat
D:5:      layout_gridville, nicolae_overflow_crystal_walls, uniq_edmund
D:6:      layout_rooms, serial_shops, shop, chequers_serial_rivers_small_3
D:7:      layout_loops_ring, uniq_pikel, uniq_menkaure
D:8:      layout_layer_cave, nemelex_xobeh_ov_fountains_minmay,
          old_standard_altar, overflow_temple_1_default, okawaru_gym_becter,
          nicolae_dithmenos_through_a_glass_darkly, erik_lair_orcish_takeover,
          enter_ossuary_1, serial_glass, glass_columns_b, glass_columns_b,
          glass_columns_a, serial_shops, shop, trog_book, uniq_maggie
D:9:      layout_loops_ring, lemuel_crystal_altar, serial_shops, shop
D:10:     layout_loops_ring
D:11:     layout_loops_ring, orc_0_dummy, serial_glass, glass_columns_a,
          glass_columns_b, serial_shops, shop, david_defended_altar_orc
D:12:     layout_rooms, serial_shops, shop, grunt_pizzeria, uniq_nessos,
          uniq_snorg
D:13:     layout_roguey, gauntlet_entry_generic, uniq_frances
D:14:     layout_roguey, grunt_vaults_entry_tiered, minivault_14,
          kennysheep_generic_room_13
Temple:   compressed_dpeg_triangle_lava_temple
Lair:1:   layout_regular_city
Lair:2:   layout_loops_ring, minmay_lair_oklob_chamber
Lair:3:   layout_long_grid, serial_bayou_shore_b, grunt_megastairs_4,
          infiniplex_staircase_pool, lemuel_fruit_tree
Lair:4:   layout_cave_pods, skrybe_swamp_entry_bodies, dummy_spider_entry,
          nicolae_quartered_pool_super, nicolae_lair_grove_arrangements,
          roderic_carrion_pond, uniq_urug
Lair:5:   layout_roguey, basic_altar, gammafunk_ghost_wrathful_warriors,
          infiniplex_staircase_pool_2
Lair:6:   minmay_lair_end_frog_pond, layout_layer_cave, slime_altar_1
Orc:1:    layout_caves, basic_altar
Orc:2:    grunt_orc_gardens, layout_caves, grunt_orc_garden, grunt_orc_garden,
          grunt_orc_garden, grunt_orc_garden, uniq_donald

Skill      XL: |  1  2  3  4  5  6  7  8  9 10 11 12 13 14 15 16 |
---------------+-------------------------------------------------+-----
Earth Magic    | 4 5 6 7 8 9 10 11 12 13 14 | 14.2
Spellcasting   | 3 4 5 6 7 8 9 10 11 | 11.2
Conjurations   | 2 3 4 5 6 7 8 9 10 11 12 | 12.5
Fighting       | 1 2 4 5 7 8 9 10 11 | 11.8
Maces & Flails | 1 2 4 5 6 7 9 10 | 10.9
Armour         | 1 2 4 5 6 |  6.0
Dodging        | 2 3 4 5 6 7 8 9 |  9.5
Necromancy     | 1 3 4 |  4.1
Evocations     | 1 2 |  2.0
Fire Magic     | 2 |  2.6
Stealth        | |  2.1
Transmutations | |  0.7

Action                   |  1- 3 |  4- 6 |  7- 9 | 10-12 | 13-15 | 16-18 || total
-------------------------+-------+-------+-------+-------+-------+-------++-------
Melee: Unarmed           |    30 |       |       |       |       |       ||    30
       Club              |    14 |       |       |       |       |       ||    14
       Dagger            |    42 |    67 |   380 |    16 |       |       ||   505
       Short sword       |       |       |       |   287 |       |       ||   287
       Morningstar       |       |       |       |   146 |   894 |   182 ||  1222
Throw: Throwing net      |       |       |       |       |     1 |     2 ||     3
 Cast: Sandblast         |    14 |    26 |    99 |   172 |   225 |     5 ||   541
       Stone Arrow       |       |     2 |     7 |    14 |    26 |     3 ||    52
       Lee's Rapid Decon |       |       |     7 |    38 |    52 |    10 ||   107
       Iron Shot         |       |       |       |     8 |    52 |     9 ||    69
       Dazzling Flash    |       |       |       |       |     5 |       ||     5
       Starburst         |       |       |       |       |     1 |       ||     1
 Abil: Fly               |       |       |       |       |     1 |       ||     1
Evoke: Wand              |       |       |       |     9 |     8 |     3 ||    20
       Box of beasts     |       |       |       |       |       |     6 ||     6
  Use: Potion            |       |     1 |     3 |     5 |     8 |     3 ||    20
       Scroll            |       |     9 |    11 |    13 |    11 |     4 ||    48
 Stab: Sleeping          |       |     2 |     4 |     4 |     7 |       ||    17
       Distracted        |       |       |       |     1 |     2 |       ||     3
       Invisible         |       |       |       |       |     3 |       ||     3
  Eat: Chunk             |       |     5 |    12 |    21 |    47 |    10 ||    95
       Ration            |       |       |     2 |     3 |     4 |       ||     9
Armor: Robe              |    27 |    32 |   175 |       |       |       ||   234
       Steam dragon scal |       |       |    22 |   219 |   428 |    61 ||   730
Dodge: Dodged            |    75 |    52 |   312 |   383 |  1488 |   257 ||  2567

Table legend:
 A = Non-vault XP
 B = Vault XP
 C = Vault XP percentage of total XP
 D = Non-vault monster count
 E = Vault monster count
 F = Vault count percentage of total count
                 A         B        C        D         E       F
            +---------+---------+-------+---------+---------+-------
      Total |   99350 |   45782 |  31.5 |     563 |     189 |  25.1
            +---------+---------+-------+---------+---------+-------
        D:1 |      28 |       0 |   0.0 |      17 |       0 |   0.0
        D:2 |     103 |     273 |  72.6 |      12 |       2 |  14.3
        D:3 |     362 |      33 |   8.4 |      30 |      10 |  25.0
        D:4 |     195 |      13 |   6.2 |      10 |       5 |  33.3
        D:5 |     647 |     157 |  19.5 |      18 |       1 |   5.3
        D:6 |     550 |       0 |   0.0 |      11 |       0 |   0.0
        D:7 |     378 |     789 |  67.6 |      19 |       2 |   9.5
        D:8 |    2064 |    1011 |  32.9 |      26 |       9 |  25.7
        D:9 |    2701 |       0 |   0.0 |      32 |       0 |   0.0
       D:10 |    3595 |      82 |   2.2 |      25 |       2 |   7.4
       D:11 |    8893 |    1183 |  11.7 |      52 |       2 |   3.7
       D:12 |    3075 |    1498 |  32.8 |      18 |       2 |  10.0
       D:13 |   10514 |    2224 |  17.5 |      46 |       1 |   2.1
       D:14 |   11104 |    7846 |  41.4 |      33 |      28 |  45.9
     Lair:1 |    3767 |       0 |   0.0 |      14 |       0 |   0.0
     Lair:2 |    9004 |     105 |   1.2 |      17 |       1 |   5.6
     Lair:3 |    2382 |    1223 |  33.9 |      10 |       7 |  41.2
     Lair:4 |    3701 |    1730 |  31.9 |      20 |       7 |  25.9
     Lair:5 |    9105 |       0 |   0.0 |      27 |       0 |   0.0
     Lair:6 |   19750 |   12898 |  39.5 |      62 |      49 |  44.1
      Orc:1 |    4743 |     125 |   2.6 |      40 |       1 |   2.4
      Orc:2 |    2363 |    9937 |  80.8 |      23 |      25 |  52.1
    Abyss:2 |     326 |      96 |  22.7 |       1 |       2 |  66.7
      Sewer |       0 |     149 | 100.0 |       0 |       6 | 100.0
    Ossuary |       0 |     150 | 100.0 |       0 |      16 | 100.0
   Gauntlet |       0 |    4260 | 100.0 |       0 |      11 | 100.0
            +---------+---------+-------+---------+---------+-------
